Map: Korhal Carnage Knockout LE

Players

capac - Winner!

  • Race: Terran Terran
  • League: Gold

A.I. 1 (Elite)

  • Race: Protoss Protoss

VOD

Have the link to the VOD?

Description

Time

  • Played on: May 1, 2016, 1:01 p.m.
  • Length: 10:46
Show
View Real Time Build Order
Export as new Build Order

capac Terran - Winner!

Build Orders: Reaper Expand, MMM Bio 

Get SALT Encoding   

  12  0:01  SCV  
  13  0:13  SCV  
  14  0:17  Supply Depot  
  14  0:25  SCV  
  15  0:39  SCV  
  15  0:41  Barracks  
  16  0:45  Refinery  
  16  0:51  SCV  
  17  1:03  SCV  
  18  1:15  SCV  
  19  1:28  Orbital Command  
  19  1:29  Reaper  
  20  1:41  Command Center  
  20  1:52  Supply Depot  
  20  1:54  SCV  
  21  2:01  Marine  
  22  2:10  Factory  
  22  2:12  Refinery  
  22  2:16  SCV  
  22  2:21  Barracks  
  23  2:31  Barracks Reactor  
  23  2:32  SCV  
  24  2:44  SCV  
  25  2:53  Factory Tech Lab  
  25  3:03  Starport  
  25  3:12  Barracks Tech Lab  
  25  3:15  SCV  
  27  3:22  Orbital Command  
  26  3:29  Siege Tank  
  26  3:33  Marine x3  
  32  3:37  SCV  
  33  3:47  Medivac  
  35  3:52  Barracks  
  35  3:54  Marine x2  
  35  3:55  Marine  
  38  3:56  Barracks  
  38  3:58  SCV x2  
  40  4:10  Stimpack  
  40  4:11  SCV x2  
  40  4:14  Marine  
  40  4:15  Marine x2  
  45  4:22  Supply Depot  
  45  4:23  SCV  
  46  4:26  SCV  
  46  4:29  Starport Reactor  
  47  4:35  Marine x3, SCV  
  52  4:38  SCV  
  52  4:45  Siege Tank  
  55  4:46  Supply Depot  
  55  4:51  SCV  
  55  4:52  SCV  
  57  4:56  Marine x2  
  57  4:57  Marine x2  
  57  4:58  Marine  
  62  5:05  Refinery  
  62  5:07  Refinery, SCV  
  62  5:08  SCV  
  64  5:20  Siege Tank  
  67  5:25  Medivac  
  69  5:29  SCV  
  70  5:40  Barracks Reactor  
  70  5:47  Supply Depot, Marine x4, SCV, Medivac  
  77  5:55  SCV  
  78  6:08  Marine x3  
  78  6:09  Supply Depot, SCV x2  
  83  6:15  Combat Shields  
  83  6:21  Siege Tank  
  86  6:28  Command Center  
  86  6:31  Medivac x2  
  90  6:39  Marine x4  
  93  6:40  Barracks Reactor  
  93  6:42  Supply Depot  
  93  6:45  Supply Depot  
  94  6:48  SCV x2  
  96  7:21  Marine x5  
  96  7:22  Marine x2  
  80  7:39  Marine x5  
  80  7:40  Marine  
  82  8:02  Marine x3  
  84  8:12  Medivac x2  
  85  8:13  Marine x4  
  85  8:19  Marine  
  91  8:24  Armory  
  92  8:27  Marine x2  
  92  8:30  Supply Depot, Marine  
  92  8:31  Marine  
  96  8:43  Marine  
  86  8:59  Marine  
  86  9:00  Marine x5  
  86  9:01  Marine  
  91  9:06  Liberator x2  
  89  9:17  Marine x2  
  89  9:18  Marine x2  
  89  9:19  Marine x2  
  89  9:20  Marine  
  89  9:22  Siege Tank  
  105  9:35  Marine x2  
  107  9:54  Siege Tank  
  109  10:00  Marine  
  109  10:01  Marine x6  
Show
View Real Time Build Order
Export as new Build Order

A.I. 1 (Elite) Protoss 

Build Orders: 1 Gate Expand 

Get SALT Encoding   

  12  0:01  Probe (Chrono Boost)  
  13  0:11  Probe (Chrono Boost)  
  14  0:20  Pylon  
  14  0:22  Probe (Chrono Boost)  
  15  0:38  Probe (Chrono Boost)  
  16  0:48  Probe (Chrono Boost)  
  16  0:49  Gateway  
  17  0:59  Probe (Chrono Boost)  
  18  1:10  Probe (Chrono Boost), Assimilator  
  19  1:14  Pylon  
  19  1:20  Probe (Chrono Boost)  
  20  1:31  Probe (Chrono Boost)  
  21  1:34  Nexus  
  21  1:44  Cybernetics Core  
  21  1:47  Zealot  
  23  2:00  Gateway  
  23  2:03  Probe (Chrono Boost)  
  24  2:11  Pylon  
  24  2:15  Probe (Chrono Boost)  
  25  2:17  Zealot  
  25  2:19  Warp Gate  
  27  2:26  Probe (Chrono Boost)  
  28  2:35  Assimilator  
  29  2:38  Probe (Chrono Boost)  
  29  2:43  Adept  
  29  2:46  Adept  
  29  2:49  Probe (Chrono Boost)  
  34  2:55  Probe (Chrono Boost)  
  35  3:01  Probe (Chrono Boost)  
  35  3:07  Pylon  
  35  3:09  Probe (Chrono Boost)  
  36  3:13  Stalker  
  36  3:19  Probe (Chrono Boost)  
  39  3:22  Probe (Chrono Boost)  
  40  3:31  Probe (Chrono Boost)  
  40  3:33  Probe (Chrono Boost)  
  42  3:39  Robotics Facility  
  42  3:40  Adept  
  42  3:44  Probe (Chrono Boost)  
  42  3:47  Probe (Chrono Boost)  
  42  3:48  Adept  
  46  3:55  Probe (Chrono Boost)  
  49  3:59  Probe (Chrono Boost)  
  50  4:05  Adept  
  50  4:06  Probe (Chrono Boost)  
  54  4:10  Probe (Chrono Boost), Pylon  
  55  4:17  Probe (Chrono Boost)  
  55  4:22  Probe (Chrono Boost)  
  55  4:23  Stalker  
  58  4:24  Immortal  
  58  4:29  Pylon  
  58  4:30  Probe (Chrono Boost)  
  63  4:33  Probe (Chrono Boost)  
  64  4:40  Stalker  
  64  4:41  Probe (Chrono Boost)  
  64  4:44  Probe (Chrono Boost)  
  68  4:48  Robotics Facility  
  68  4:49  Stalker  
  71  5:00  Probe (Chrono Boost), Immortal  
  71  5:02  Probe (Chrono Boost)  
  71  5:05  Pylon  
  76  5:10  Pylon  
  76  5:15  Stalker  
  78  5:23  Stalker  
  78  5:24  Probe x2 (Chrono Boost)  
  78  5:27  Assimilator  
  82  5:33  Pylon  
  82  5:35  Sentry, Gateway  
  82  5:40  Assimilator  
  84  5:44  Zealot  
  86  5:51  Probe (Chrono Boost)  
  86  5:54  Pylon  
  86  5:56  Stalker  
  89  6:02  Stalker  
  89  6:04  Probe x2 (Chrono Boost)  
  93  6:10  Forge  
  93  6:13  Forge  
  93  6:15  Probe (Chrono Boost)  
  93  6:18  Sentry  
  96  6:25  Zealot  
  98  6:30  Pylon  
  98  6:36  Protoss Ground Armor Level 1  
  98  6:37  Nexus  
  98  6:38  Pylon  
  98  6:40  Protoss Ground Weapons Level 1  
  98  6:43  Robotics Bay  
  98  7:00  Photon Cannon  
  97  7:02  Pylon  
  97  7:05  Sentry  
  97  7:07  Gateway  
  99  7:12  Observer  
  99  7:13  Zealot x2  
  82  7:26  Adept  
  72  7:30  Colossus  
  72  7:32  Sentry, Photon Cannon, Zealot  
  67  7:45  Zealot  
  67  7:46  Probe (Chrono Boost)  
  67  7:51  Probe x2 (Chrono Boost), Adept  
  69  7:54  Stalker  
  69  7:58  Probe (Chrono Boost)  
  68  8:01  Stalker  
  68  8:03  Probe x2 (Chrono Boost)  
  68  8:04  Zealot  
  74  8:09  Probe (Chrono Boost)  
  74  8:11  Adept  
  63  8:14  Probe (Chrono Boost)  
  63  8:15  Probe (Chrono Boost), Stalker  
  65  8:20  Probe (Chrono Boost)  
  65  8:22  Assimilator  
  65  8:23  Stalker  
  65  8:24  Sentry  
  65  8:25  Probe (Chrono Boost)  
  70  8:27  Probe (Chrono Boost)  
  70  8:31  Zealot  
  70  8:32  Probe (Chrono Boost)  
  72  8:36  Probe (Chrono Boost)  
  72  8:38  Zealot  
  74  8:43  Probe (Chrono Boost)  
  74  8:45  Probe (Chrono Boost), Stalker  
  74  8:46  Stalker  
  74  8:48  Probe (Chrono Boost)  
  74  8:49  Sentry  
  74  8:55  Probe (Chrono Boost)  
  65  8:56  Stalker  
  65  8:58  Probe (Chrono Boost)  
  65  8:59  Probe (Chrono Boost)  
  54  9:06  Stalker  
  54  9:07  Adept  
  58  9:11  Sentry  
  58  9:14  Stalker  
  58  9:17  Zealot  
  22  9:46  Pylon  
  20  9:57  Pylon  
  16  10:14  Zealot, Adept  
Tags
 
Add a new tag
Caveats
  • Supply blocks, unpowered buildings, or Contaminate may cause inaccurate times.
  • Supply counts are checked every 10 seconds.